 Dungeon Sprint DCSS version 0.30-a0-381-g6ea064c7b4 (webtiles) character file.

Game seed: 7892077413907557486

602 drewk1942 the Cleaver (level 7, -1/73 HPs)
             Began as a Minotaur Berserker on Dec 1, 2022.
             Was an Elder of Trog.
             Slain by a vampire (5 damage)
             ... in the Dungeon (Sprint IX: "|||||||||||||||||||||||||||||").
             The game lasted 00:01:10 (125 turns).

drewk1942 the Cleaver (Minotaur Berserker)           Turns: 125, Time: 00:01:11

Health: -1/73      AC: 11    Str: 24    XL:     7   Next: 18%
Magic:  6/6        EV:  9    Int:  4    God:    Trog [****..]
Gold:   0          SH:  0    Dex:  9    Spells: 6/6 levels left

rFire   . . .      SeeInvis .    k - +1 broad axe (freeze)
rCold   . . .      Faith    .    (no shield)
rNeg    . . .      Spirit   .    l - +1 chain mail
rPois   .          Reflect  .    (helmet restricted)
rElec   .          Harm     .    (no cloak)
rCorr   .          Rampage  .    (no gloves)
Will    ++...      NoTele   +    (no boots)
Stlth   ..........               (no amulet)
HPRegen 1.32/turn                (no ring)
MPRegen 0.10/turn                (no ring)

@: strong-willed, on berserk cooldown, regenerating, slowed, very slow
A: horns 2, retaliatory headbutt
a: Renounce Religion, Berserk, Trog's Hand, Brothers in Arms


You were in the Dungeon.
You worshipped Trog.
Trog was greatly pleased with you.
You visited 1 branch

Inventory:

Hand Weapons
 a - a +0 hand axe
 k - a +1 broad axe of freezing (weapon)
Armour
 b - a +0 animal skin
 l - a +1 chain mail (worn)
Jewellery
 m - a +3 ring of dexterity
 n - a +3 ring of dexterity
Wands
 j - a wand of iceblast (10)
Scrolls
 h - 2 scrolls of blinking
Potions
 c - 5 potions of curing
 d - a potion of heal wounds
 e - a potion of haste
 f - 4 potions of magic
 g - a potion of berserk rage
 i - a potion of invisibility


   Skills:
 + Level 10.5 Fighting
 * Level 13.8 Axes
 + Level 6.2 Armour
 + Level 5.8 Dodging


You had 6 spell levels left.
You didn't know any spells.
Your spell library was empty.

Dungeon Overview and Level Annotations

Branches:
Dungeon (1/1)

Altars:
Cheibriados
Dithmenos
Elyvilon
Fedhas
Gozag
Hepliaklqana
Kikubaaqudgha
Makhleb
Nemelex Xobeh
Okawaru
Qazlal
Ru
Sif Muna
Trog
Uskayaw
Vehumet
Wu Jian
Xom
Yredelemnul
Zin
The Shining One
Jiyva
Lugonu


Innate Abilities, Weirdness & Mutations

You have a pair of horns on your head.
You reflexively headbutt those who attack you in melee.


Message History

Something bites you.
Something draws strength from your injuries!
You miss something. Something hits you!
* * * LOW HITPOINT WARNING * * *
Something bites you but does no damage.
You closely miss something. Your headbutt misses something. Something hits you.
* * * LOW HITPOINT WARNING * * *
Something bites you.
* * * LOW HITPOINT WARNING * * *
Something draws strength from your injuries!
Something hits you but does no damage. Something bites you but does no damage.
You miss something. Something hits you.
* * * LOW HITPOINT WARNING * * *
Something bites you but does no damage.
You feel much better. Something hits you but does no damage.
Something bites you.
* * * LOW HITPOINT WARNING * * *
Something draws strength from your injuries!
You barely miss something. You headbutt something! Something hits you.
* * * LOW HITPOINT WARNING * * *
Something bites you.
* * * LOW HITPOINT WARNING * * *
Something draws strength from your injuries!
Something hits you but does no damage. Something bites you.
* * * LOW HITPOINT WARNING * * *
Something draws strength from your injuries!
You feel much better. Something hits you!
* * * LOW HITPOINT WARNING * * *
Something bites you.
* * * LOW HITPOINT WARNING * * *
Something draws strength from your injuries!
You slash something!
Something completely misses you. x2; Something hits you.
* * * LOW HITPOINT WARNING * * *
Something bites you but does no damage.
Your skin crawls.
You feel strong-willed. Something hits you.
* * * LOW HITPOINT WARNING * * *
Something bites you.
You die...

▓?▓
▓)▓
▓.▓
▓[▓
▓[▓
▓.▓
▓.▓
▓.▓
▓@▓
▓{▓
▓.▓
▓.▓
▓.▓
▓.▓
▓.▓
▓+▓


There were no monsters in sight!

Vanquished Creatures
  2 yaks (D)
  A vampire mosquito (D)
  A killer bee (D)
  A howler monkey (D)
  A hound (D)
  A gnoll bouda (D)
  An iguana (D)
  An adder (D)
  An ufetubus (D)
  A bat (D)
  A hobgoblin (D)
  2 frilled lizards (D)
  A kobold (D)
15 creatures vanquished.

Notes
Turn   | Place    | Note
-------+----------+-------------------------------------------
     0 | D        | drewk1942 the Minotaur Berserker began the quest for the
                  | Orb.
     0 | D        | Reached XP level 1. HP: 19/19 MP: 0/0
     6 | D        | Reached skill level 4 in Axes
     8 | D        | Reached ** piety under Trog
    17 | D        | Noticed an iguana
    17 | D        | Noticed a hound
    17 | D        | Noticed a howler monkey
    22 | D        | Killed an iguana
    23 | D        | Reached skill level 5 in Fighting
    23 | D        | Reached skill level 5 in Axes
    23 | D        | Reached XP level 2. HP: 30/30 MP: 1/1
    23 | D        | Reached XP level 3. HP: 37/37 MP: 2/2
    24 | D        | Reached *** piety under Trog
    25 | D        | Reached skill level 6 in Axes
    28 | D        | Reached XP level 4. HP: 45/45 MP: 3/3
    30 | D        | Reached skill level 7 in Axes
    31 | D        | Reached skill level 8 in Axes
    41 | D        | Found a snail-covered altar of Cheibriados.
    41 | D        | Found a shadowy altar of Dithmenos.
    41 | D        | Found a white marble altar of Elyvilon.
    41 | D        | Found a blossoming altar of Fedhas.
    41 | D        | Found an opulent altar of Gozag.
    42 | D        | Found a hazy altar of Hepliaklqana.
    43 | D        | Found a viscous altar of Jiyva.
    44 | D        | Found an ancient bone altar of Kikubaaqudgha.
    45 | D        | Found a corrupted altar of Lugonu.
    46 | D        | Found a burning altar of Makhleb.
    47 | D        | Found a sparkling altar of Nemelex Xobeh.
    48 | D        | Found an iron altar of Okawaru.
    49 | D        | Found a stormy altar of Qazlal.
    50 | D        | Found a sacrificial altar of Ru.
    51 | D        | Found a shimmering blue altar of Sif Muna.
    52 | D        | Found a bloodstained altar of Trog.
    53 | D        | Found a hide-covered altar of Uskayaw.
    54 | D        | Found a radiant altar of Vehumet.
    55 | D        | Found an ornate altar of the Wu Jian Council.
    56 | D        | Found a shimmering altar of Xom.
    57 | D        | Found a basalt altar of Yredelemnul.
    58 | D        | Found a glowing silver altar of Zin.
    59 | D        | Found a glowing golden altar of the Shining One.
    95 | D        | Noticed a vampire mosquito
    95 | D        | Noticed a yak
    95 | D        | Noticed a yak
    95 | D        | Noticed a vampire
   101 | D        | Killed a vampire mosquito
   101 | D        | Reached **** piety under Trog
   102 | D        | Reached skill level 10 in Axes
   102 | D        | Reached skill level 5 in Armour
   102 | D        | Reached XP level 5. HP: 56/56 MP: 4/4
   104 | D        | Reached skill level 11 in Axes
   104 | D        | Reached skill level 5 in Dodging
   104 | D        | Reached XP level 6. HP: 63/63 MP: 5/5
   111 | D        | Killed a yak
   112 | D        | Reached skill level 10 in Fighting
   112 | D        | Reached skill level 12 in Axes
   113 | D        | Killed a yak
   114 | D        | Reached skill level 13 in Axes
   114 | D        | Reached XP level 7. HP: 42/73 MP: 6/6
   120 | D        | HP: 3/73 [something (5)]
   125 | D        | Slain by a vampire

Illustrated notes

Levels and vault maps discovered:
D:        linesprint [early_d, line_temple, items_1, d_10, items_2, lair_1,
          lair_end, items_3, orc_1, orc_end, items_4, d_15, swamp_1, shoals_1,
          snake_1, spider_1, d_20, vaults_1, items_5, swamp_end, shoals_end,
          snake_end, spider_end, vaults_end, d_27, items_6, zot_1, zot_end,
          crypt_end, forest_end, elf_end, slime_end, tomb_end, abyss_end,
          pan_hell_end]

Skill      XL: |  1  2  3  4  5  6 |
---------------+-------------------+-----
Fighting       | 5 6 8 9 10 | 10.5
Axes           | 5 6 10 11 13 | 13.8
Armour         | 3 5 6 |  6.2
Dodging        | 3 4 5 |  5.8

Action                   |  1- 3 |  4- 6 |  7- 9 || total
-------------------------+-------+-------+-------++-------
Melee: Hand axe          |    15 |     3 |       ||    18
       Headbutt          |     4 |     5 |     2 ||    11
       Broad axe         |       |    16 |     9 ||    25
       Punch             |       |     1 |       ||     1
Invok: Berserk           |     1 |     1 |       ||     2
       Trog's Hand       |       |       |     1 ||     1
  Use: Potion            |       |       |     2 ||     2
Armor: Animal skin       |     4 |       |       ||     4
       Chain mail        |       |     4 |     9 ||    13
Dodge: Dodged            |    11 |     2 |     2 ||    15

Table legend: (Time is in decaauts)
 A = Elapsed time spent in this place.
 B = Non-inter-level travel time spent in this place.
 C = Inter-level travel time spent in this place.
 D = Time resting spent in this place.
 E = Time spent auto-exploring this place.
 F = Levels seen in this place.
 G = Mean time per level.
                   A        B        C        D        E       F      G
               +--------+--------+--------+--------+--------+-----+--------+
         Total |    135 |    135 |      0 |      7 |      0 |   1 |  135.0 |
       Dungeon |    135 |    135 |      0 |      7 |      0 |   1 |  135.0 |
               +--------+--------+--------+--------+--------+-----+--------+

Top non-repeatable levels by time:
       D: 135 daAuts
